 Dungeon Crawl Stone Soup version 0.24.0-13-gcf9b319 (webtiles) character file.

Game seed: 7576154726363063448, levelgen mode: deterministic

224 Bronimir the Charmwright (level 6, -6/39 HPs)
             Began as a Halfling Skald on Mar 29, 2020.
             Was an Initiate of Okawaru.
             Killed from afar by Blork the orc (11 damage)
             ... with a puff of frost
             ... on level 4 of the Dungeon.
             The game lasted 00:07:12 (2791 turns).

Bronimir the Charmwright (Halfling Skald)           Turns: 2791, Time: 00:07:12

Health: -6/39      AC:  4    Str: 14    XL:     6   Next: 20%
Magic:  3/8        EV: 14    Int:  9    God:    Okawaru [......]
Gold:   112        SH:  7    Dex: 14    Spells: 0/8 levels left

rFire    . . .     SeeInvis .   b - +1 hunting sling (flame)
rCold    . . .     Gourm    .   y - +3 buckler
rNeg     + . .     Faith    .   f - +0 leather armour
rPois    .         Spirit   .   B - +0 helmet
rElec    .         Reflect  .   (no cloak)
rCorr    .         Harm     .   (no gloves)
MR       .....                  (no boots)
Stlth    +.........             (no amulet)
HPRegen  0.13/turn              g - ring of positive energy
MPRegen  0.11/turn              C - -2 ring of intelligence

@: infused (expiring), very slightly contaminated
A: small, mutation resistance 1
a: Renounce Religion


You were on level 4 of the Dungeon.
You worshipped Okawaru.
Okawaru was noncommittal.
You were hungry.

You visited 1 branch of the dungeon, and saw 4 of its levels.

You collected 112 gold pieces.

Inventory:

Hand Weapons
 a - a +0 falchion
 b - a +1 hunting sling of flaming (weapon)
 j - a +1 spear of freezing
 k - a +1 antimagic hand axe
 w - a +0 short sword of venom
Missiles
 e - 41 arrows
 p - 89 stones
 q - 20 sling bullets (quivered)
 x - 19 bolts
Armour
 f - a +0 leather armour (worn)
 h - a +0 helmet
 y - a +3 buckler (worn)
 B - a +0 helmet (worn)
Jewellery
 g - a ring of positive energy (left hand)
 C - a -2 ring of intelligence (right hand)
Scrolls
 c - 7 scrolls of identify {unknown}
 m - a scroll of teleportation
 r - a scroll of remove curse
Potions
 i - a potion of curing {unknown}
 n - a potion of heal wounds {unknown}
 s - a potion of flight {unknown}
Comestibles
 d - 5 rations


   Skills:
 + Level 2.0 Fighting
 + Level 2.4 Long Blades
 + Level 3.6 Slings
 * Level 2.7 Armour
 + Level 2.5 Dodging
 * Level 0.1 Shields
 + Level 1.8 Spellcasting
 * Level 4.4 Charms
 + Level 0.1 Translocations
 * Level 2.1 Invocations


You couldn't memorise any spells.
You knew the following spells:

 Your Spells              Type           Power        Failure   Level  Hunger
a - Infusion              Chrm           #...         12%         1    ##.....
b - Song of Slaying       Chrm           #.......     17%         2    ###....
c - Shroud of Golubria    Chrm/Tloc      #.....       38%         2    ###....
d - Regeneration          Chrm/Necr      #.........   65%         3    ####...

Your spell library contained the following spells:

 Spells                   Type           Power        Failure   Level  Hunger
 Spectral Weapon          Hex/Chrm       #.......     65%         3    ####...


Dungeon Overview and Level Annotations

Branches:
Dungeon (4/15)
 Temple: D:4-7

Altars:
Hepliaklqana
Okawaru

Annotations:
D:3 2 transporters, letoffstudios's ghost, amateur DsMo
D:4 Blork the orc


Innate Abilities, Weirdness & Mutations

You are small and have problems with some larger weapons.
You are somewhat resistant to further mutation.


Message History

Aim: Blork the orc, wielding a +1 glaive of pain and wearing a +0 robe (moderately wounded, fast)
You shoot a sling bullet. The sling bullet hits Blork the orc.
The sling bullet burns Blork the orc.
Blork the orc is moderately wounded.
Blork the orc points at you and mumbles some strange words.
The puff of flame hits you!
* * * LOW HITPOINT WARNING * * *
Blork the orc barely misses you. Blork the orc closely misses you.
Blork the orc miscasts a cantrip.
Your shroud unravels.
Blork the orc gestures at you while chanting.
The puff of flame hits you!
* * * LOW HITPOINT WARNING * * *
Your magical infusion is running out.
Blork the orc screams, "Die!"
Blork the orc completely misses you. Blork the orc casts a spell at you.
The puff of frost hits you!
You die...

#######.#
#...o..$#
#.#####.#
#.# (#
#.# .(
#o# ###
#.#
##.######
#..@...<#
#########


You could see Blork the orc.

Vanquished Creatures
  An orc priest (D:3)
  Jessica (D:3)
  4 gnolls (D:2)
  5 adders
  3 worms (D:2)
  3 dart slugs (D:2)
  11 orcs (D:3)
  A ball python (D:2)
  4 bats
  2 giant cockroaches
  7 goblins
  2 hobgoblins
  2 jackals (D:3)
  2 quokkas (D:2)
  2 frilled lizards
  10 kobolds
  6 rats
66 creatures vanquished.

Notes
Turn   | Place    | Note
-------+----------+-------------------------------------------
     0 | D:1      | Bronimir the Halfling Skald began the quest for the Orb.
     0 | D:1      | Reached XP level 1. HP: 14/14 MP: 3/3
   410 | D:1      | Reached XP level 2. HP: 19/19 MP: 4/4
   494 | D:1      | Found an iron altar of Okawaru.
   502 | D:1      | Became a worshipper of Warmaster Okawaru
   598 | D:1      | Learned a level 2 spell: Song of Slaying
   931 | D:2      | Reached XP level 3. HP: 17/24 MP: 5/5
   993 | D:2      | Learned a level 2 spell: Shroud of Golubria
  1158 | D:2      | Reached skill level 1 in Slings
  1158 | D:2      | Reached skill level 1 in Invocations
  1228 | D:2      | Reached XP level 4. HP: 29/29 MP: 6/6
  1329 | D:2      | Reached XP level 5. HP: 18/34 MP: 1/7
  1981 | D:3      | Reached skill level 4 in Charms
  2140 | D:3      | Noticed Jessica
  2154 | D:3      | Killed Jessica
  2196 | D:3      | Found a transporter.
  2207 | D:3      | Noticed letoffstudios's ghost (amateur DsMo)
  2252 | D:3      | Reached XP level 6. HP: 30/39 MP: 8/8
  2258 | D:3      | Found a transporter.
  2444 | D:3      | Found a hazy altar of Hepliaklqana.
  2602 | D:3      | Learned a level 3 spell: Regeneration
  2770 | D:4      | Noticed Blork the orc
  2791 | D:4      | Killed from afar by Blork the orc

Levels and vault maps discovered:
D:1:      nicolae_arrival_somewhat_less_tricky_arrival, layout_loops_ring,
          fountainhead, corexii_leaking_fountain, minmay_stone_trees_large,
          okawaru_ov_weapons_minmay
D:2:      layout_basic
D:3:      layout_basic, old_standard_altar, gammafunk_ghost_stat_death,
          uniq_jessica
D:4:      layout_basic, hangedman_abyss_or_decor_stabs, lemuel_altar_in_water,
          uniq_natasha, uniq_blork_the_orc, uniq_robin

Skill      XL: |  1  2  3  4  5  6 |
---------------+-------------------+-----
Slings         | 2 3 |  3.6
Invocations    | 1 2 |  2.1
Armour         | 2 |  2.7
Charms         | 4 |  4.4
Fighting       | 2 |  2.0
Long Blades    | |  2.4
Dodging        | |  2.5
Shields        | |  0.1
Spellcasting   | |  1.8
Translocations | |  0.1

Action                   |  1- 3 |  4- 6 || total
-------------------------+-------+-------++-------
Melee: Falchion          |    18 |    18 ||    36
       Spear             |     7 |       ||     7
 Fire: Hunting sling     |    55 |   109 ||   164
 Cast: Infusion          |     6 |     8 ||    14
       Shroud of Golubri |       |     3 ||     3
       Song of Slaying   |       |     1 ||     1
  Use: Scroll            |       |     8 ||     8
  Eat: Chunk             |     1 |     5 ||     6
Armor: Leather armour    |    13 |    10 ||    23
Dodge: Dodged            |    35 |    41 ||    76
Block: Buckler           |       |     3 ||     3
       Rpst.: Falchion   |     7 |     2 ||     9
